 Dungeon Crawl Stone Soup version 0.30-a0-600-gb7c8574cbb (webtiles) character file.

Game seed: 8463810963948267729

5 Grim the Chopper (level 1, 18/18 HPs)
             Began as a Hill Orc Reaver on Jan 7, 2023.
             Quit the game on level 1 of the Dungeon on Feb 28, 2023.
             The game lasted 00:01:11 (99 turns).

Grim the Chopper (Hill Orc Reaver)                    Turns: 99, Time: 00:01:12

Health: 18/18      AC:  3    Str: 14    XL:     1   Next: 80%
Magic:  3/3        EV: 11    Int: 13    God:
Gold:   0          SH:  0    Dex:  9    Spells: 2/3 levels left

rFire   . . .      SeeInvis .    a - +0 hand axe
rCold   . . .      Faith    .    (no shield)
rNeg    . . .      Spirit   .    b - +0 leather armour
rPois   .          Reflect  .    (no helmet)
rElec   .          Harm     .    (no cloak)
rCorr   .          Rampage  .    (no gloves)
Will    .....                    (no boots)
Stlth   +                        (no amulet)
HPRegen 0.23/turn                (no ring)
MPRegen 0.08/turn                (no ring)

@: no status effects
A: no striking features
a: no special abilities


You were on level 1 of the Dungeon.
You visited 1 branch of the dungeon, and saw 1 of its levels.

Inventory:

Hand Weapons
 a - a +0 hand axe (weapon)
Armour
 b - a +0 leather armour (worn)
Scrolls
 d - a scroll of silence {unknown}
Potions
 c - a potion of might {unknown}


   Skills:
 - Level 2.4 Fighting
 * Level 4.2 Axes
 - Level 1.5 Dodging
 - Level 1.5 Spellcasting
 + Level 3.1 Conjurations
 + Level 0.4 Necromancy


You had 2 spell levels left.
You knew the following spells:

 Your Spells              Type           Power      Damage    Failure   Level
a - Kiss of Death         Conj/Necr      20%        2d7       17%         1

Your spell library contained the following spells:

 Spells                   Type           Power      Damage    Failure   Level
 Momentum Strike          Conj/Tloc      10%        3d8       26%         2
 Hailstorm                Conj/Ice       5%         3d4       47%         3


Dungeon Overview and Level Annotations

Branches:
Dungeon (1/15)

Altars:


Message History

HP restored.
Things that are here:
a +0 club; a goblin corpse You open the door.
There is an open door here.
A hobgoblin comes into view.
The hobgoblin shouts!
A hobgoblin is nearby!
A hobgoblin is nearby!
You hit the hobgoblin.
The hobgoblin is almost dead.
The hobgoblin misses you. The hobgoblin barely misses you.
You hit the hobgoblin.
You kill the hobgoblin!
No target in view!
You open the door.
An endoplasm comes into view.
The endoplasm quivers.
An endoplasm is nearby!
A kobold comes into view. It is wielding a +0 whip.
The kobold shouts!
The endoplasm hits you.
There is an open door here.
You hit the endoplasm.
The endoplasm is severely wounded.
The endoplasm barely misses you.
You hit the endoplasm but do no damage.
The endoplasm is severely wounded.
The endoplasm barely misses you.
You hit the endoplasm.
You kill the endoplasm!
The kobold closely misses you.
You hit the kobold but do no damage. The kobold closely misses you.
You hit the kobold but do no damage. The kobold barely misses you.
You hit the kobold.
You kill the kobold!
No target in view!
Welcome back, Grim the Hill Orc Reaver.
Press ? for a list of commands and other information.
Are you sure you want to abandon this character and quit the game? (Confirm with "yes".)

...........#
......))...#
...........# #########
...........# #........
...........# #........
...........# #........
...........#####........
...........##..'........
...........##.##@.....#
...........##.##).....#
#########'###.##......#
#.....##......#
########......#
#.......# #......#.
......#.


There were no monsters in sight!

Vanquished Creatures
  An endoplasm (D:1)
  A goblin (D:1)
  A hobgoblin (D:1)
  2 kobolds (D:1)
5 creatures vanquished.

Notes
Turn   | Place    | Note
-------+----------+-------------------------------------------
     0 | D:1      | Grim the Hill Orc Reaver began the quest for the Orb.
     0 | D:1      | Reached XP level 1. HP: 18/18 MP: 3/3
    99 | D:1      | Quit the game

Illustrated notes

Levels and vault maps discovered:
D:1:      dpeg_arrival_three_bigger_balls, layout_basic, serial_shops,
          nicolae_diamond_shop, nicolae_shop_bloodbath_and_beyond, shop_statue,
          shop

Action                   || total
-------------------------++-------
Melee: Hand axe          ||    17
Armor: Leather armour    ||     3
Dodge: Dodged            ||    13

Table legend: (Time is in decaauts)
 A = Elapsed time spent in this place.
 B = Non-inter-level travel time spent in this place.
 C = Inter-level travel time spent in this place.
 D = Time resting spent in this place.
 E = Time spent auto-exploring this place.
 F = Levels seen in this place.
 G = Mean time per level.
                   A        B        C        D        E       F      G
               +--------+--------+--------+--------+--------+-----+--------+
         Total |    100 |    100 |      0 |      0 |     68 |   1 |  100.0 |
       Dungeon |    100 |    100 |      0 |      0 |     68 |   1 |  100.0 |
               +--------+--------+--------+--------+--------+-----+--------+

Top non-repeatable levels by time:
     D:1: 100 daAuts
